 Dungeon Crawl Stone Soup version 0.28.0 (webtiles) character file.

Game seed: 3046841752926314135

31 croobank the Chopper (level 3, -6/33 HPs)
             Began as a Hill Orc Monk on Feb 12, 2022.
             Killed from afar by Natasha (8 damage)
             ... with a magic dart
             ... on level 2 of the Dungeon.
             The game lasted 00:05:06 (1338 turns).

croobank the Chopper (Hill Orc Monk)                Turns: 1338, Time: 00:05:07

Health: -6/33      AC:  2    Str: 13    XL:     3   Next: 22%
Magic:  0/3        EV: 12    Int: 12    God:
Gold:   18         SH:  0    Dex: 13    Spells: 2/2 levels left

rFire   . . .      SeeInvis .   a - +0 hand axe
rCold   . . .      Faith    .   (no shield)
rNeg    . . .      Spirit   +   b - +0 robe
rPois   .          Reflect  .   (no helmet)
rElec   .          Harm     .   (no cloak)
rCorr   .          Rampage  .   (no gloves)
Will    .....                   (no boots)
Stlth   ++........              e - amulet of guardian spirit
HPRegen 0.11/turn               (no ring)
MPRegen 0.08/turn               (no ring)

@: slowed, very slow
A: no striking features
a: no special abilities


You were on level 2 of the Dungeon.
You visited 1 branch of the dungeon, and saw 2 of its levels.

You collected 18 gold pieces.

Inventory:

Hand Weapons
 a - a +0 hand axe (weapon)
Missiles
 h - 27 arrows
Armour
 b - a +0 robe (worn)
Magical Staves
 d - a staff of death
Jewellery
 e - an amulet of guardian spirit (around neck)
Scrolls
 g - 3 scrolls of identify {unknown}
Potions
 c - a potion of cancellation


   Skills:
 + Level 4.0 Fighting
 + Level 4.5 Axes
 + Level 2.7 Dodging
 + Level 2.0 Stealth


You had 2 spell levels left.
You didn't know any spells.
Your spell library contained the following spells:

 Spells                   Type           Power      Damage    Failure   Level
 Fulminant Prism          Conj/Hex       0%         3d6       97%         4
 Iskenderun's Mystic Bla  Conj/Tloc      0%         2d3       97%         4
 Lee's Rapid Deconstruct  Erth           0%         3d5*      100%        5


Dungeon Overview and Level Annotations

Branches:
Dungeon (2/15)

Altars:

Annotations:
D:2 Natasha


Message History

Natasha is lightly wounded.
Natasha misses you.
You barely miss Natasha.
Natasha is lightly wounded.
Natasha barely misses you. Natasha claws you.
You hit Natasha but do no damage.
Natasha is lightly wounded.
Natasha claws you.
Okay, then.
Okay, then.
Okay, then.
You don't know any spells.
Okay, then.
It was a potion of flight.
You feel very buoyant.
You fly up into the air.
Natasha barely misses you.
It was a potion of cancellation.
Your magical effects are unravelling.
You feel magically purged.
You float gracefully downwards.
Natasha claws you but does no damage.
You barely miss Natasha.
Natasha is lightly wounded.
Natasha claws you!
* * * LOW HITPOINT WARNING * * *
Unknown command.
As you read the scroll labelled LOWNEU FIREMP, it crumbles to dust.
You feel aware of your surroundings.
It was a scroll of magic mapping.
Natasha barely misses you.
Okay, then.
Natasha stares at you and mumbles some strange words.
The magic dart hits you.
* * * LOW HITPOINT WARNING * * *
Natasha wildly gestures.
Natasha shimmers violently.
Natasha casts a spell at you.
You feel yourself slow down.
Natasha mumbles some strange words.
Natasha casts a spell at you. The magic dart hits you!
You die...

,** *#.## #..<....# ,,*
#..###..†....# ,,****
*#..##.......# ,,*,,*
##.##.......# ,**,,*
#.##.......# ,*,,**
#..........# ,,,,****
#####.........# ,,,,,,,*
####.............# ,,,,,,,*
#..@.###...####### ,**'**,*
####.#### ##..##
,*,,,*,*###..h.# ***#...#
,*,⌠,*,*#..5#### #....#.#*
,*,,,#.##.#########.####..#*
,**+*#.....h.....<.,* *#..#
,,.........$..#####** *#.#*
,*.##..#.......#**** *,..*
,*,....#?.........,******,,.#


You could see Natasha and a white imp (summoned).

Vanquished Creatures
  An adder (D:2)
  A dart slug (D:2)
  3 endoplasms
  A giant cockroach (D:1)
  2 goblins (D:1)
  6 ball pythons
  2 bats (D:1)
  2 frilled lizards (D:1)
  4 kobolds (D:1)
22 creatures vanquished.

Notes
Turn   | Place    | Note
-------+----------+-------------------------------------------
     0 | D:1      | croobank the Hill Orc Monk began the quest for the Orb.
     0 | D:1      | Reached XP level 1. HP: 19/19 MP: 1/1
   459 | D:1      | Reached XP level 2. HP: 19/27 MP: 0/2
   603 | D:1      | Found a faded altar of an unknown god.
  1054 | D:2      | Reached XP level 3. HP: 20/33 MP: 3/3
  1319 | D:2      | Noticed Natasha
  1331 | D:2      | HP: 1/33 [Natasha/magic dart (5)]
  1338 | D:2      | Killed from afar by Natasha

Illustrated notes

Levels and vault maps discovered:
D:1:      dpeg_arrival_houses_and_road, layout_basic,
          hellmonk_ecumenical_altar_inner_sanctum
D:2:      layout_rooms, minmay_misc_feat_room, minmay_randomly_rotated_circles,
          uniq_natasha

Skill      XL: |  1  2 |
---------------+-------+-----
Fighting       | 4 |  4.0
Stealth        | 2 |  2.0
Axes           | |  4.5
Dodging        | |  2.7

Action                   || total
-------------------------++-------
Melee: Hand axe          ||    69
       Punch             ||     2
  Use: Potion            ||     2
       Scroll            ||     1
 Stab: Sleeping          ||     4
Armor: Robe              ||    16
Dodge: Dodged            ||    49
